[Event "*** Titled Tuesday Blitz"]
[Site "Chess.com"]
[Date "2021.04.20"]
[Round "2"]
[White "kekic76"]
[Black "enriquetejedor"]
[Result "0-1"]
[WhiteElo "2338"]
[BlackElo "2632"]
[TimeControl "180+1"]
[EndTime "10:18:32 PDT"]
[Termination "enriquetejedor won on time"]

1. e4 c5 2. Nf3 d6 3. d4 cxd4 4.
Nxd4 Nf6 5. Nc3 g6 6. h3 Bg7 7.
Be3 O-O 8. Qd2 Nc6 9. Bc4 Bd7 10. Bb3 Rc8 11. O-O Na5 12. Bh6 Nc4 13. Bxc4 Rxc4 14.
Bxg7 Kxg7 15. Rfe1 Qb6 16. Nb3 Rfc8 17. Rac1 a5 18. Nd5 Nxd5 19. exd5 a4 20. Na1 Qxb2 21.
Rxe7 Bf5 22. g4 Rd4 23. Qe1 Bxg4 24. hxg4 Rxg4+ 25. Kf1 Qf6 26. Re3 Rh4 27. Qd2 Rcc4 28. c3 Rcg4 29. Ke2 Rf4 30. Rf1 Rh2 31. Ke1 Qf5 32. Nc2 h5 33. Nd4 Qf6 34. Nc2 g5 35. Nd4 h4 36. Qd3 h3 37. Rf3 Rxf3 38. Qxf3 Qxf3 39.
Nxf3 Rg2 40. Rh1 g4 41. Nh4 Kf6 42. Nxg2 hxg2 43. Rg1 Ke5 44. Rxg2 f5 45. c4 Kd4 46.
Ke2 Kxc4 47. Ke3 Kxd5 48. Kf4 Ke6 49. f3 gxf3 50. Kxf3 Kd5 51. Rb2 Kc6 52. Kf4 b5 53. a3 Kc5 54. Kxf5 d5 55. Ke5 Kc4 56. Rb4+ Kc5 0-1

[Event "*** Titled Tuesday Blitz"]
[Site "Chess.com"]
[Date "2021.04.20"]
[Round "2"]
[White "Murad_Ibrahimli"]
[Black "Problematique_99"]
[Result "1-0"]
[WhiteElo "2745"]
[BlackElo "2507"]
[TimeControl "180+1"]
[EndTime "10:18:34 PDT"]
[Termination "Murad_Ibrahimli won by resignation"]

1. d4 Nf6 2. Bg5 d5 3. Nd2 Bf5 4. e3 e6 5. Ngf3 Nbd7 6. Bd3 Bxd3 7. cxd3 c6 8. O-O Be7 9. e4 O-O 10. Re1 a5 11. h3 h6 12. Bf4 a4 13. a3 Qb6 14. Rb1 Qb5 15. Nf1 Rfd8 16. e5 Ne8 17.
Ng3 Bf8 18. Qd2 c5 19. Nh5 cxd4 20. Nxd4 Qc5 21. Nf3 Rac8 22. Rbc1 Qe7 23. g4 Nc5 24. Nd4 Kh7 25. Kg2 g6 26. Ng3 Bg7 27. h4 Nb3 28. Nxb3 axb3 29. d4 Rc4 30. h5 g5 31.
Qd3+ Kg8 32. Bd2 b5 33. Nf1 Nc7 34. Ne3 Na6 35. Bc3 Qb7 36. Qd1 b4 37. axb4 Nxb4 38.
Nxc4 dxc4+ 39. Qf3 Qxf3+ 40. Kxf3 Nd3 41. Ra1 Nxe1+ 42.
Rxe1 Ra8 43. Ke4 Kf8 44. d5 exd5+ 45. Kxd5 Rc8 46. Re4 Ke7 47. Rxc4 Rd8+ 48. Ke4 Rd1 49. Rc7+ Ke6 50. Rc6+ Kd7 51. Rb6 Bf8 52. Rxb3 Bc5 53.
Rb7+ Ke6 54. f4 gxf4 55. Kxf4 Rf1+ 56. Ke4 Rg1 57. Kf3 Rf1+ 58. Ke4 Rg1 59. Kf4 Rf1+ 60. Kg3 Rg1+ 61. Kh3 Rh1+ 62. Kg2 Rg1+ 63. Kf3 Rf1+ 64. Ke2 Rg1 65. Rc7 Rg2+ 66. Kf3 Rf2+ 67. Kg3 Kd5 68. Rxc5+ 1-0

[Event "*** Titled Tuesday Blitz"]
[Site "Chess.com"]
[Date "2021.04.20"]
[Round "2"]
[White "DFeco"]
[Black "UCantHandleDenker"]
[Result "0-1"]
[WhiteElo "2323"]
[BlackElo "2591"]
[TimeControl "180+1"]
[EndTime "10:18:34 PDT"]
[Termination "UCantHandleDenker won on time"]

1. c4 d6 2. g3 Nf6 3. Bg2 Nbd7 4.
Nc3 e5 5. e4 Be7 6. Nge2 O-O 7.
O-O c6 8. d3 a6 9. h3 b5 10. b3 Re8 11. Be3 b4 12. Na4 c5 13. f4 Qc7 14. f5 h6 15. g4 Nh7 16.
Qd2 Qd8 17. Nb2 Nb8 18. Nd1 Nc6 19. Bf2 Bg5 20. Qe1 Nd4 21. Nxd4 cxd4 22. Qxb4 Bf4 23.
Qe1 h5 24. Bg3 Bh6 25. gxh5 Qg5 26. Bf3 a5 27. Kh2 a4 28. b4 a3 29. Rg1 Qd8 30. Rb1 Bd7 31. h4 Ba4 32. Nf2 Be3 33. Rg2 Bc2 34.
Ra1 Bxf2 35. Bxf2 Bxd3 36. Rc1 Rc8 37. c5 dxc5 38. bxc5 Kh8 39. Qd2 Bb5 40. Rcg1 Qf6 41. Rxg7 Qxg7 42. Rxg7 Kxg7 43. Bg3 f6 44. Qb4 Bc6 45.
Be1 Nf8 46. Qxa3 Nd7 47. Bd2 Kh7 48. Qc1 Ra8 49. Qg1 Rg8 50. Qb1 Rgb8 51. Qc2 Rb5 52.
Bc1 Rxc5 53. Qd2 Kg8 54. Qh6 Kf7 55. Qh7+ Ke8 56. Bh6 Kd8 57. Qg8+ Kc7 58. Qe6 Rc2+ 59. Kg3 Raxa2 60. Bg7 Ra3 61. h6 Rcc3 62. h7 Rxf3+ 0-1

[Event "*** Titled Tuesday Blitz"]
[Site "Chess.com"]
[Date "2021.04.20"]
[Round "2"]
[White "WPWPWP-2015"]
[Black "bricolageur"]
[Result "1-0"]
[WhiteElo "2461"]
[BlackElo "2241"]
[TimeControl "180+1"]
[EndTime "10:18:36 PDT"]
[Termination "WPWPWP-2015 won by resignation"]

1. e4 e5 2. Nf3 Nc6 3. Bc4 Nf6 4. d3 h6 5. O-O d6 6. h3 g5 7. Nh2 Bg7 8. c3 d5 9. exd5 Nxd5 10.
d4 exd4 11. Re1+ Kf8 12. cxd4 Nxd4 13. Nc3 Nxc3 14. bxc3 Be6 15. Ba3+ Kg8 16. Bxe6 Nxe6 17. Qf3 c6 18. Ng4 h5 19. Ne5 Qf6 20. Qe4 Qxe5 21.
Qxe5 Bxe5 22. Rxe5 Rd8 23. Be7 Rd5 24. Rxd5 cxd5 25.
Rd1 Kg7 26. Rxd5 Rc8 27. Ba3 Kg6 28. Bb2 Rc6 29. Kh2 Ra6 30. a3 Rb6 31. Bc1 Rb3 32. c4 Rc3 33. Be3 Rxa3 34. Rd7 Rb3 35. Bxa7 Rb4 36.
h4 g4 37. Be3 Rxc4 38. Rxb7 Rc2 39. Rb5 Rc6 40. g3 Kf6 41. Rxh5 Kg6 42. Rb5 Rc2 43.
Kg2 f5 44. h5+ Kxh5 45. Rxf5+ Kg6 46. Re5 Kf6 47. Re4 Kf5 48. Ra4 Rc6 49. Ra5+ Kf6 50. Ra4 Kf5 51. Rb4 Rd6 52. Rb8 Kf6 53. Rh8 Kf5 54. Rh5+ Kf6 55. Rh6+ Kf5 56. Rh7 Kf6 57.
Rh8 Kf5 58. Rg8 Rd5 59. Kf1 Rd3 60. Ke2 Rb3 61. Rh8 Rb2+ 62. Kd3 Rb3+ 63. Kc4 Rb7 64. Rh5+ Kg6 65. Rd5 Rc7+ 66. Kd3 Kf6 67. Ra5 Rb7 68. Ra4 Rb3+ 69. Kc2 Rb5 70. Rxg4 Rf5 71. Rc4 Rd5 1-0

[Event "*** Titled Tuesday Blitz"]
[Site "Chess.com"]
[Date "2021.04.20"]
[Round "2"]
[White "MPGM"]
[Black "Igor_Lysyj"]
[Result "1/2-1/2"]
[WhiteElo "2522"]
[BlackElo "2769"]
[TimeControl "180+1"]
[EndTime "10:18:37 PDT"]
[Termination "Game drawn by repetition"]

1. c4 b6 2. Nf3 Bb7 3. g3 Nf6 4. Bg2 c5 5. O-O g6 6. d4 cxd4 7. Qxd4 Bg7 8. Nc3 d6 9. Rd1 Nbd7 10. b3 O-O 11. Bb2 a6 12. Nd5 Ne8 13. Qd2 Bxb2 14. Qxb2 e6 15. Ne3 Qf6 16. Qd2 Qe7 17. h4 Ndf6 18. Rac1 Qc7 19. Qd4 Qc5 20. Qxc5 bxc5 21.
g4 h6 22. g5 hxg5 23. hxg5 Nh7 24. Ng4 Rb8 25. Ngh2 Be4 26. Rc3 Rb6 27. Re3 Ba8 28. Red3 Kg7 29. Bh3 Rh8 30. Bg4 Nf8 31. Nf1 Nd7 32.
N1h2 Bc6 33. Re3 a5 34. Rd2 a4 35. Rdd3 Ra6 36. Rd1 axb3 37. axb3 Ra2 38. Re1 Rb2 39. Rd3 Be4 40. Re3 Bc2 41. Nd2 Bf5 42.
Bxf5 gxf5 43. Ndf3 Rh3 44. Rd3 Nb8 45. Kg2 Rh5 46. Kf1 Nc6 47. Ra1 Nb4 48. Rc3 Nc7 49.
Ra7 Nba6 50. Re3 Rb1+ 51. Kg2 f4 52. Re4 Rxb3 53. Rxf4 Rb2 54. e3 Rb8 55. Nf1 Rbh8 56. Ng3 Rh3 57. Rg4 Kg6 58. Rf4 Kg7 59. Rg4 Kg6 60.
Rf4 R8h7 61. Rf6+ Kg7 62. Rf4 Rh8 1/2-1/2

[Event "*** Titled Tuesday Blitz"]
[Site "Chess.com"]
[Date "2021.04.20"]
[Round "2"]
[White "attack2mateU"]
[Black "Keks2017"]
[Result "1-0"]
[WhiteElo "2707"]
[BlackElo "2477"]
[TimeControl "180+1"]
[EndTime "10:18:37 PDT"]
[Termination "attack2mateU won by checkmate"]

1. e4 d6 2. d4 Nf6 3. Nc3 g6 4.
Be3 c6 5. h3 Nbd7 6. g4 b5 7.
a3 a6 8. g5 Nh5 9. Be2 Ng7 10.
h4 e5 11. h5 Bb7 12. hxg6 fxg6 13. Nf3 Be7 14. Qd2 Qc7 15. O-O-O O-O-O 16. d5 c5 17. Na2 Nb6 18. Kb1 Rdf8 19. Ne1 Kb8 20.
Ng2 Nd7 21. Rh3 Rf7 22. Rdh1 Nf8 23. f4 exf4 24. Bxf4 Ka8 25. c4 bxc4 26. Bxc4 Nh5 27. Be3 Bc8 28. R3h2 Nd7 29. Nf4 Ne5 30. Be2 Ng3 31. Ne6 Qb6 32. Rg1 Nxe2 33. Qxe2 Bxe6 34. dxe6 Rf3 35. Rf2 Rxf2 36. Bxf2 Qb7 37. Nc3 Rb8 38. Nd5 Nd3 39. Ka1 Nxf2 40. Qxf2 Rf8 41. Qe2 Bd8 42. Rf1 Re8 43. Rf7 Qc6 44. e7 Ba5 45.
Qc4 Kb7 46. Rf8 Qd7 47. Nf6 Qxe7 48. Rxe8 Qc7 49. Qd5+ Kb6 50. Ra8 c4 51. Qe6 Kb5 52.
Nd5 Qc5 53. Rb8+ Ka4 54. Qd7+ Qb5 55. Rxb5 axb5 56. Qc6 Kb3 57. Qxb5+ Kc2 58. Qxa5 Kd3 59. Qc3+ Kxe4 60. Qxc4+ Kf5 61. a4 Kxg5 62. a5 h5 63. a6 h4 64. a7 h3 65. a8=Q h2 66. Qd8+ Kf5 67. Qf4+ Ke6 68. Nc7# 1-0

[Event "*** Titled Tuesday Blitz"]
[Site "Chess.com"]
[Date "2021.04.20"]
[Round "2"]
[White "klimkoj"]
[Black "WisdomGame"]
[Result "1-0"]
[WhiteElo "2615"]
[BlackElo "2094"]
[TimeControl "180+1"]
[EndTime "10:18:37 PDT"]
[Termination "klimkoj won by checkmate"]

1. e4 c5 2. Nf3 Nc6 3. d4 cxd4 4. Nxd4 Nf6 5. Nc3 e5 6. Ndb5 d6 7. a4 a6 8. Na3 Be7 9. Bg5 h5 10. Bxf6 gxf6 11. Nd5 f5 12. exf5 Bxf5 13. Bd3 Be6 14.
Bc4 Rc8 15. c3 Bg4 16. f3 Be6 17. O-O Rg8 18. Kh1 Bg5 19. f4 exf4 20. Qxh5 Ne5 21.
Rae1 Nxc4 22. Rxe6+ Kf8 23. Nxf4 Bf6 24. Nd5 fxe6 25.
Rxf6+ Qxf6 26. Nxf6 Nxa3 27. Nxg8 Kxg8 28. Qg6+ Kf8 29.
Qf6+ Ke8 30. Qxe6+ Kd8 31. Qxd6+ Ke8 32. Qxa3 Rd8 33. h4 Rd1+ 34. Kh2 Rd2 35. Qb4 Rc2 36.
Qxb7 a5 37. h5 Rc1 38. h6 Rf1 39. Qb5+ Kf8 40. Qxf1+ Kg8 41. Qf5 Kh8 42. h7 Kg7 43.
Qh5 Kh8 44. b3 Kg7 45. h8=N Kf6 46. g4 Kg7 47. g5 Kf8 48. Qh7 Ke8 49. g6 Kd8 50. g7 Ke8 51. g8=N Kd8 52. Qa7 Kc8 53. Qxa5 Kd7 54. Qg5 Ke6 55. a5 Kd7 56. a6 Kc6 57. b4 Kb6 58. b5 Ka7 59. c4 Ka8 60. Qe7 Kb8 61. b6 Kc8 62. Qa7 Kd8 63. b7 Kd7 64. b8=N+ Ke6 65. c5 Kf5 66. c6 Ke4 67. c7 Kd3 68. c8=N Kc2 69. Qb7 Kc1 70. a7 Kc2 71. a8=N Kd2 72. Nc7 Ke2 73. Nb6 Kf2 74. Nc6 Ke2 75.
Ng6 Kd2 76. Nf6 Ke2 77. Nge5 Kf2 78. Ncd5 Ke1 79. Nbc4 Kf1 80. Ne4 Ke1 81. Nd4 Kf1 82. Nde3+ Ke1 83. Nef3# 1-0

[Event "*** Titled Tuesday Blitz"]
[Site "Chess.com"]
[Date "2021.04.20"]
[Round "2"]
[White "adnan_nn"]
[Black "VinzentSpitzl"]
[Result "1-0"]
[WhiteElo "2668"]
[BlackElo "2430"]
[TimeControl "180+1"]
[EndTime "10:18:38 PDT"]
[Termination "adnan_nn won by checkmate"]

1. e4 c5 2. b4 cxb4 3. Bb2 e6 4. d4 d5 5. e5 Nc6 6. Nf3 Nge7 7. Bd3 Ng6 8. g3 Be7 9. h4 a5 10. h5 Nf8 11. a3 b6 12. Nbd2 Ba6 13. Bxa6 Rxa6 14.
Qe2 Ra7 15. Kf1 Nd7 16. Kg2 Rc7 17. axb4 Nxb4 18. c3 Nc6 19. Rhb1 Qc8 20. Ba3 Bxa3 21. Rxa3 Ncb8 22. Qd3 Qa6 23. Qe3 h6 24. g4 Qc8 25.
g5 hxg5 26. Qxg5 Kf8 27. Rc1 f6 28. Qg6 Qe8 29. Qxe8+ Kxe8 30. Rh1 fxe5 31. Nxe5 Nxe5 32. dxe5 Nc6 33. f4 Ne7 34. Nf3 Nf5 35. Nd4 Nxd4 36. cxd4 Kf7 37. Kg3 Rc4 38. Rb3 Rb8 39. Rhb1 Rc6 40.
Kg4 a4 41. Rb4 Ra8 42. Ra1 Rc4 43. Rxb6 Rxd4 44. Rb7+ Kg8 45. Kg5 Rf8 46. Kg6 Rdxf4 47. Rxg7+ Kh8 48. Re7 Rg4+ 49. Kh6 Ra8 50. Rxe6 a3 51.
Rg6 Rxg6+ 52. hxg6 d4 53. e6 d3 54. e7 d2 55. Rd1 Re8 56. Rxd2 Rg8 57. Rd8 a2 58. g7# 1-0

[Event "*** Titled Tuesday Blitz"]
[Site "Chess.com"]
[Date "2021.04.20"]
[Round "2"]
[White "lucachess49"]
[Black "chesshermar"]
[Result "1-0"]
[WhiteElo "2440"]
[BlackElo "2204"]
[TimeControl "180+1"]
[EndTime "10:18:38 PDT"]
[Termination "lucachess49 won by checkmate"]

1. d4 Nf6 2. c4 g6 3. f3 d6 4. e4 Bg7 5. Nc3 O-O 6. Nge2 c5 7. d5 e6 8. Be3 exd5 9. cxd5 Re8 10. Ng3 a6 11. a4 Qa5 12. Be2 h5 13. O-O h4 14.
Nh1 Nh5 15. Qd2 f5 16. Nf2 Qd8 17. f4 Nf6 18. Bf3 Nbd7 19. Rae1 Rb8 20. Qd3 Nf8 21. e5 dxe5 22. fxe5 Rxe5 23. Bxc5 Rxe1 24. Rxe1 b6 25. Bd4 Bb7 26. Be5 Rc8 27. Qd4 N8d7 28. Qxh4 Nxe5 29. Rxe5 Nxd5 30. Qxd8+ Rxd8 31. Rxd5 Bxd5 32. Bxd5+ Kf8 33.
Bf3 Rd2 34. Nfd1 Bxc3 35. Nxc3 Rxb2 36. Nd5 b5 37. axb5 axb5 38. h4 b4 39. Ne3 b3 40.
Bd5 Rb1+ 41. Kf2 b2 42. Nc4 Rc1 43. Nxb2 Rc2+ 44. Kf3 Rxb2 45. Kf4 Kg7 46. Kg5 Rb5 47.
Bf3 Rb4 48. h5 gxh5 49. Kxf5 h4 50. Kg5 Kh7 51. Kh5 Kg7 52. Kg5 Kf7 53. Kf5 Rb5+ 54. Kg4 Rb4+ 55. Kf5 Rb3 56. Bd5+ Kg7 57. Bxb3 h3 58.
g4 h2 59. Bd5 Kh6 60. g5+ Kg7 61. g6 Kh8 62. Kf6 h1=B 63. g7+ Kh7 64. Bxh1 Kh6 65. g8=Q Kh5 66. Qg5# 1-0

[Event "*** Titled Tuesday Blitz"]
[Site "Chess.com"]
[Date "2021.04.20"]
[Round "2"]
[White "chegueps"]
[Black "oskariot"]
[Result "0-1"]
[WhiteElo "2463"]
[BlackElo "2678"]
[TimeControl "180+1"]
[EndTime "10:18:40 PDT"]
[Termination "oskariot won by checkmate"]

1. d4 Nf6 2. Nf3 c5 3. e3 g6 4. Bd3 Bg7 5. O-O cxd4 6. exd4 O-O 7. c3 d5 8. Bf4 Nc6 9. Nbd2 Bf5 10. Bxf5 gxf5 11. Ne5 e6 12. Re1 Ne4 13. Nxc6 bxc6 14.
f3 Nxd2 15. Qxd2 Qb6 16. Bh6 Qd8 17. Bg5 Qd6 18. Bf4 Qe7 19. Bg5 Bf6 20. Bh6 Rfc8 21. b4 a5 22. a3 Kh8 23. Bf4 Ra7 24. Be5 Rca8 25. bxa5 Bxe5 26. Rxe5 Rxa5 27. Qh6 Rxa3 28. Rae1 Ra1 29. h4 Rxe1+ 30. Rxe1 Rg8 31. Kh2 Rg6 32. Qf4 Qf6 33. Ra1 Rg8 34. Ra7 Qg7 35. g3 Qf6 36. Rc7 Ra8 37. Rxc6 Qg7 38. Rc7 Rf8 39. Kh3 Qf6 40. Rd7 Qg7 41. Rc7 Kg8 42. h5 h6 43. Kh4 Qf6+ 44. Kh3 Qg5 45. Qxg5+ hxg5 46. g4 f4 47. Kg2 Kg7 48. Kf2 Ra8 49.
Ke2 Ra2+ 50. Kf1 Rc2 51. Kg1 Rd2 52. Kf1 Rb2 53. Kg1 Kf8 54. Kf1 Kg7 55. Kg1 Ra2 56. Kf1 Kf6 57. Kg1 Rd2 58. Kf1 Rd3 59. Ke2 Re3+ 60.
Kf2 e5 61. Rc6+ Kg7 62. Rd6 e4 63. fxe4 dxe4 64. c4 Rc3 65. c5 Rc2+ 66. Ke1 e3 67. Rd5 f3 68. Kd1 Rd2+ 69. Ke1 f2+ 70. Kf1 Rd1+ 71.
Ke2 f1=Q+ 72. Kxe3 Rd3+ 73. Ke4 Qf3+ 74. Ke5 Qf4# 0-1

[Event "*** Titled Tuesday Blitz"]
[Site "Chess.com"]
[Date "2021.04.20"]
[Round "2"]
[White "BanjoKazooieN64"]
[Black "Airquake"]
[Result "1-0"]
[WhiteElo "2441"]
[BlackElo "2650"]
[TimeControl "180+1"]
[EndTime "10:18:49 PDT"]
[Termination "BanjoKazooieN64 won on time"]

1. e4 c5 2. Nc3 d6 3. f4 Nc6 4.
Nf3 g6 5. Bc4 Bg7 6. O-O e6 7. d3 Nge7 8. Qe1 O-O 9. f5 d5 10.
Bb3 dxe4 11. f6 exf3 12. fxg7 Kxg7 13. Rxf3 Nf5 14. Ne4 Ncd4 15. Rh3 Nxb3 16. axb3 h5 17. Bg5 f6 18. Bd2 b6 19. b4 cxb4 20. Bxb4 Rf7 21. Bc3 e5 22. Rf3 Bb7 23. Qf2 Nd4 24. Rg3 Bxe4 25. dxe4 Rc8 26. Rd1 Rd7 27. Rgd3 Rcc7 28. Bxd4 exd4 29. Rxd4 Rxd4 30. Rxd4 Qe7 31. c3 Qe5 32. Qd2 Re7 33. h3 h4 34. Qf2 g5 35.
Qf3 Qb5 36. Rd6 Qc5+ 37. Rd4 a5 38. Kh1 b5 39. Rd5 Qc4 40. Rd4 Qc6 41. Qe2 a4 42. Qd3 Qe6 43. Rd5 Qxe4 44. Qxe4 Rxe4 45. Rxb5 Re1+ 46.
Kh2 Re2 47. c4 Kg6 48. c5 Rc2 49. Kg1 f5 50. Rb6+ Kh5 51. c6 g4 52. hxg4+ fxg4 53. Rb5+ Kg6 54. Rb4 Kg5 55. Rb5+ Kf4 56. Rb4+ Kg3 57.
Kf1 Rc1+ 58. Ke2 Rxc6 59. Rxa4 Re6+ 60. Kf1 Rg6 61. Kg1 h3 62. Ra3+ Kh4 63. gxh3 g3 64.
Kg2 Rb6 65. Ra4+ Kh5 66. b4 Kh4 67. b5+ Kh5 68. Rb4 Kg5 69. Kxg3 Kf5 70. h4 1-0

[Event "*** Titled Tuesday Blitz"]
[Site "Chess.com"]
[Date "2021.04.20"]
[Round "2"]
[White "GracefulYear"]
[Black "TheBigBoss04"]
[Result "0-1"]
[WhiteElo "2342"]
[BlackElo "2804"]
[TimeControl "180+1"]
[EndTime "10:18:55 PDT"]
[Termination "TheBigBoss04 won by resignation"]

1. d4 Nf6 2. c4 g6 3. Nc3 c5 4. Nf3 Bg7 5. g3 cxd4 6. Nxd4 Nc6 7. e3 d6 8. Bg2 Bd7 9. O-O Rc8 10. b3 O-O 11. Bb2 a6 12. Rc1 Nxd4 13. exd4 b5 14. Bb7 Rb8 15. Bxa6 b4 16. Ne2 Qa5 17. Bb5 Bxb5 18.
cxb5 Qxa2 19. Qc2 Qa5 20. Qd3 Qxb5 21. Qd2 Rfc8 22. Nf4 Nd5 23. Nd3 Nc3 24. Bxc3 bxc3 25. Rxc3 Rxc3 26. Qxc3 Qxb3 27. Qxb3 Rxb3 28. Nf4 Bxd4 29.
Nd5 e6 30. Nf4 d5 31. Rd1 Be5 32. Nd3 Bd6 33. Ne1 Rb2 34. Nd3 Rc2 35. Kf1 Kg7 36. Ne1 Ra2 37. Rb1 Bc5 38. Nd3 Bd4 39.
Rb4 Bc3 40. Rb3 Bf6 41. Nf4 Bd4 42. Ne2 Be5 43. f4 Bd6 44. Rb5 h6 45. Rb3 g5 46.
fxg5 hxg5 47. Kf2 g4 48. Ke3 f5 49. Kd3 Kf6 50. Rb6 Be5 51. Rb7 Ra3+ 52. Kd2 d4 53.
Rb6 d3 54. Nc1 Ra2+ 55. Kxd3 Rxh2 56. Ne2 Rg2 57. Ke3 Bxg3 58. Rc6 Be5 59. Kd3 f4 60. Nd4 Bxd4 61. Kxd4 Re2 62. Rc3 f3 63. Rc1 f2 64.
Rf1 g3 65. Kd3 Re1 66. Rxf2+ gxf2 67. Kd2 f1=Q 0-1

[Event "*** Titled Tuesday Blitz"]
[Site "Chess.com"]
[Date "2021.04.20"]
[Round "2"]
[White "vinniethepooh"]
[Black "kidagent"]
[Result "1-0"]
[WhiteElo "2744"]
[BlackElo "2345"]
[TimeControl "180+1"]
[EndTime "10:18:58 PDT"]
[Termination "vinniethepooh won by resignation"]

1. d4 d5 2. c4 c6 3. Nc3 dxc4 4. e3 b5 5. a4 b4 6. Ne4 Bf5 7. Ng3 Bg6 8. Bxc4 e6 9. Nf3 Nf6 10. Ne5 Bd6 11. Bd2 O-O 12. h4 Be4 13. f3 Bd5 14. Bd3 Nbd7 15. e4 Nxe5 16. dxe5 Bxe5 17. Ne2 Ba2 18. Bxb4 c5 19. Bxc5 Qa5+ 20. b4 Qc7 21. Rxa2 Rfd8 22. Rd2 a5 23. Bb5 axb4 24. Bxb4 Nh5 25.
Qc2 Rxd2 26. Qxd2 Rd8 27. Qe3 Bg3+ 28. Nxg3 Qxg3+ 29. Kf1 Rd1+ 30. Be1 Nf4 31. Rg1 e5 32. Qf2 Qg6 33. Qc2 Rd8 34. g3 Ne6 35. Kg2 Nd4 36.
Qc4 Qf6 37. Qd3 Ne6 38. Qe3 Rd1 39. Bf2 Rd4 40. Rc1 h6 41. Be2 Rxa4 42. Rd1 Ra2 43. Rd2 Ra4 44. Qc3 Nd4 45. Bxd4 exd4 46. Qd3 Rb4 47.
f4 Qb6 48. Bf3 f6 49. e5 fxe5 50. fxe5 Rb2 51. Bd5+ Kh8 52. Kh3 Rxd2 53. Qxd2 Qc5 54. Qg2 d3 55. Be4 Qxe5 56. Bxd3 Qd6 57. Be2 Qe6+ 58.
Kh2 Qe5 59. Qf3 Qd6 60. Kg2 Qe5 61. Bd3 Qb2+ 62. Kh3 Kg8 63. Qd5+ Kf8 64. Qd8+ Kf7 65. Qd7+ Kf6 66. Qf5+ Ke7 67. Qe4+ Kf7 68. Qg6+ Kf8 69.
Qf5+ Kg8 70. Bc4+ Kh8 71. Qf8+ Kh7 72. Bd3+ g6 73. Qf7+ Kh8 74. Qe8+ Kg7 75. Qxg6+ Kf8 76. Qxh6+ Ke7 77. Qe3+ 1-0

[Event "*** Titled Tuesday Blitz"]
[Site "Chess.com"]
[Date "2021.04.20"]
[Round "2"]
[White "KacperPolOK"]
[Black "jraosam"]
[Result "1/2-1/2"]
[WhiteElo "2363"]
[BlackElo "1894"]
[TimeControl "180+1"]
[EndTime "10:19:00 PDT"]
[Termination "Game drawn by stalemate"]

1. e4 c5 2. Nc3 Nc6 3. Bb5 Nd4 4. Bc4 a6 5. d3 b5 6. Bb3 Nxb3 7. axb3 Bb7 8. f4 g6 9. Nf3 Bg7 10. O-O Nf6 11. e5 Nd5 12. Nxd5 Bxd5 13. c4 Bb7 14. d4 cxd4 15. Nxd4 b4 16. Qe1 a5 17. f5 Qc7 18.
f6 Bf8 19. Nb5 Qc6 20. Qg3 e6 21. Be3 h5 22. h4 a4 23. bxa4 Bc5 24. Bxc5 Qxc5+ 25. Kh2 O-O-O 26. Rfd1 Kb8 27. Rd6 Qxc4 28. Qf2 g5 29.
Rad1 Qxh4+ 30. Qxh4 gxh4 31. Rxd7 Rdg8 32. Nd6 Rxg2+ 33.
Kh3 Rg3+ 34. Kxh4 Rg4+ 35. Kh3 Bg2+ 36. Kh2 Bc6 37. Rxf7 Rg2+ 38. Kh3 Rhg8 39. Rg7 R8xg7 40. fxg7 Rxg7 41. a5 Ra7 42. Nc4 Bd5 43. Nb6 Rxa5 44. Kh4 Kc7 45. Nxd5+ Rxd5 46. Rc1+ Kb6 47. Kxh5 Rxe5+ 48. Kg4 Rc5 49. Re1 e5 50. Kf5 Kb5 51. b3 Rd5 52. Rxe5 Rxe5+ 53. Kxe5 Kc5 54. Ke4 Kc6 55. Kd4 Kb5 56. Kd5 Kb6 57. Kc4 Ka5 58. Kc5 Ka6 59.
Kxb4 Kb6 60. Ka4 Ka6 61. Kb4 Kb6 62. Kc4 Kc6 63. b4 Kc7 64. b5 Kb6 65. Kb4 Kb7 66. Kc5 Kc7 67. b6+ Kb7 68. Kb5 Kb8 69. Ka6 Ka8 70. b7+ Kb8 71. Kb6 1/2-1/2

[Event "*** Titled Tuesday Blitz"]
[Site "Chess.com"]
[Date "2021.04.20"]
[Round "2"]
[White "Szparu"]
[Black "Nayemhaque22"]
[Result "1-0"]
[WhiteElo "2681"]
[BlackElo "2468"]
[TimeControl "180+1"]
[EndTime "10:19:05 PDT"]
[Termination "Szparu won on time"]

1. e4 c6 2. d4 d5 3. e5 Bf5 4. Nf3 e6 5. Be2 c5 6. Be3 Qb6 7. Nc3 Nc6 8. O-O Qxb2 9. Nb5 c4 10.
Nc7+ Kd7 11. Nxa8 Bxc2 12. Qe1 Bb4 13. Bd2 c3 14. Be3 Nge7 15. Rc1 Rxa8 16. Ng5 Bg6 17. a3 Qxa3 18. Nf3 a5 19. Bb5 Qb2 20. Ra1 c2 21.
Qc1 Bc3 22. Qxb2 Bxb2 23. Ra2 Bc3 24. Ba4 Kd8 25. Bxc2 Nb4 26. Ra3 Nxc2 27. Rxc3 a4 28. Nd2 a3 29. Nb3 a2 30. Na1 Nxa1 31. Rxa1 Nc6 32.
Rb3 Kc7 33. g4 h5 34. gxh5 Be4 35. f3 Bf5 36. Rb2 Bb1 37. Kf2 Rh8 38. h6 gxh6 39.
Rbxb1 axb1=Q 40. Rxb1 h5 41. Rg1 Kd7 42. Bg5 Rg8 43.
Ke3 b5 44. h4 b4 45. Rb1 Ra8 46.
Kd3 Ra3+ 47. Ke2 Nxd4+ 48. Kd1 b3 49. Be3 Nxf3 50. Bc1 Ra2 51. Rxb3 Nxe5 52. Bf4 Nc4 53. Rb7+ Ke8 54. Bg5 Kf8 55. Bf6 Kg8 56. Ke1 Rh2 57.
Kf1 Kh7 58. Rxf7+ Kg6 59. Rf8 Ne3+ 60. Ke1 Nf5 61. Bg5 Nxh4 62. Bd8 Nf5 63. Rf6+ Kg7 64. Rxe6 d4 65. Bc7 Rg2 66. Re5 Rg5 67. Bd8 Rg1+ 68. Kf2 1-0

[Event "*** Titled Tuesday Blitz"]
[Site "Chess.com"]
[Date "2021.04.20"]
[Round "2"]
[White "InvisibleWarrior2252"]
[Black "Vusatiuk_Vladimir"]
[Result "1-0"]
[WhiteElo "2501"]
[BlackElo "2306"]
[TimeControl "180+1"]
[EndTime "10:19:05 PDT"]
[Termination "InvisibleWarrior2252 won by resignation"]

1. e4 c5 2. Nf3 e6 3. d4 cxd4 4. Bg5 Qb6 5. Nbd2 f6 6. Bf4 e5 7. Bg3 Bb4 8. Bc4 Ne7 9. O-O Nbc6 10. a3 Bxd2 11. Qxd2 Qxb2 12. Rfb1 Qc3 13. Qe2 Na5 14. Ba2 d6 15. Ne1 h5 16. h4 Bg4 17. f3 g6 18.
Nd3 Bd7 19. Be1 Qc7 20. Bxa5 Qxa5 21. Rxb7 Bc6 22. Rbb1 Kf8 23. Nb4 Bb5 24. Bc4 a6 25. a4 Bxc4 26. Qxc4 Kg7 27. Qe6 Qc7 28. f4 a5 29. Nd3 Rab8 30. Rf1 Rhf8 31. Rab1 Rxb1 32. Rxb1 Qxc2 33. Rb7 Rf7 34. Rxe7 Rxe7 35. Qxe7+ Kh6 36. Qxf6 Kh7 37. Qf7+ Kh6 38. f5 gxf5 39. exf5 Qd1+ 40. Kh2 Qg4 41. Qf6+ Kh7 42. Qf7+ Kh6 43. Qf6+ Kh7 44. Qg5 e4 45. Nf4 Qxg5 46. hxg5 d3 47. Nd5 d2 48.
Ne3 d5 49. Kg1 d4 50. Nd1 e3 51. Kf1 Kg7 52. Ke2 h4 53. Kd3 Kf7 54. Nb2 Ke7 55. Ke2 Kf7 56. Nd3 Ke7 57. Nf4 Kf7 58. Ne6 d3+ 59.
Kd1 Ke7 60. Nf4 Kf7 61. Nxd3 Kg7 62. Nf4 Kf7 63. Nd5 Kg7 64. Nxe3 h3 65. gxh3 Kf7 66.
Kxd2 Kg7 67. Ke2 1-0

[Event "*** Titled Tuesday Blitz"]
[Site "Chess.com"]
[Date "2021.04.20"]
[Round "2"]
[White "Superfelix"]
[Black "Pantata007"]
[Result "1/2-1/2"]
[WhiteElo "2448"]
[BlackElo "2247"]
[TimeControl "180+1"]
[EndTime "10:19:10 PDT"]
[Termination "Game drawn by agreement"]

1. e4 e5 2. Nf3 Nc6 3. d4 exd4 4. Nxd4 Nf6 5. Nc3 Bb4 6. Nxc6 bxc6 7. Bd3 d5 8. exd5 cxd5 9. O-O O-O 10. h3 c6 11. Qf3 Bd6 12. Bf4 Rb8 13. b3 Re8 14. Rfe1 Be6 15. Bxd6 Qxd6 16. Qg3 Qxg3 17. fxg3 c5 18. Na4 c4 19. Bf1 Nd7 20. Rad1 Nb6 21. Nc5 Rbc8 22. Nxe6 fxe6 23. bxc4 Nxc4 24. Bxc4 Rxc4 25.
Rxd5 Rxc2 26. Rd7 Rxa2 27. Rc1 Ra5 28. Rcc7 Rg5 29. g4 h6 30. Rxa7 Rg6 31. Kh2 e5 32. Kg3 e4 33. Re7 Rxe7 34. Rxe7 Rf6 35. Rxe4 Kf7 36. Ra4 Rb6 37. Kh4 Kg6 38. Rd4 Ra6 39. Rc4 Rb6 40. Kg3 Ra6 41. Kf4 Rf6+ 42. Ke3 Re6+ 43.
Kf3 Ra6 44. g3 Ra3+ 45. Kf4 Ra6 46. Rc5 Ra4+ 47. Kf3 Ra3+ 48. Kf2 Ra2+ 49. Ke3 Ra3+ 50.
Kf4 Ra4+ 51. Ke5 Ra3 52. Rc6+ Kh7 53. h4 Rxg3 54. Kf4 Rg1 55. Kf5 Rf1+ 56. Ke4 Rg1 57. Kf3 Rf1+ 58. Kg3 Rg1+ 59. Kf3 Rf1+ 60. Kg2 Rf4 61.
Kg3 Ra4 62. h5 Rb4 63. Rd6 Ra4 64. Rb6 Rc4 65. Kf3 Ra4 66. Re6 Rb4 67. Re7 Ra4 68.
Re5 Rb4 69. Re4 Rb3+ 70. Kf4 Rb7 71. Kf5 Rf7+ 72. Ke6 Rf6+ 73. Ke7 Rf1 74. Re5 Rf2 75. Rf5 Rg2 76. Rf4 Rg3 77. Kf7 Rg2 78. Ke6 Rg1 79.
Kf5 Rg2 80. Re4 Rf2+ 81. Ke5 Rg2 82. Rf4 Re2+ 83. Kd4 Rd2+ 84. Ke3 Rg2 85. Kf3 Rg1 86. Kf2 Ra1 87. Kg3 Ra3+ 88. Kh4 Ra5 89. Rf5 Rxf5 90. gxf5 Kg8 91. Kg3 Kf7 92. Kg4 Ke7 93. Kf3 Kd6 94. Ke4 Ke7 95. Ke3 Kf6 96. Kf4 Kf7 97. Ke4 Ke7 98.
Ke3 Kf6 99. Kf4 Kf7 100. Ke5 Ke7 1/2-1/2